 Dungeon Crawl Stone Soup version 0.22-a0-608-g8a62e23 (webtiles) character file.

119 sking99 the Insei (level 4, -2/37 HPs)
             Began as a Draconian Transmuter on July 9, 2018.
             Was an Initiate of Nemelex Xobeh.
             Slain by an orc priest
             ... wielding a +0 dagger
              (3 damage)
             ... on level 3 of the Dungeon.
             The game lasted 00:03:10 (2827 turns).

sking99 the Insei (Draconian Transmuter)            Turns: 2827, Time: 00:03:11

Health: -2/37      AC:  6    Str: 12    XL:     4   Next: 74%
Magic:  7/7        EV: 12    Int: 14    God:    Nemelex Xobeh [......]
Gold:   84         SH:  0    Dex: 12    Spells: 4/7 levels left

rFire    . . .     SeeInvis .     - Unarmed
rCold    . . .     Gourm    .   (no shield)
rNeg     . . .     Faith    .   (armour unavailable)
rPois    .         Spirit   .   (helmet restricted)
rElec    .         Reflect  .   (no cloak)
rCorr    .         Harm     .   m - +0 pair of gloves
MR       .....                  (no boots)
Stlth    +.........             (no amulet)
HPRegen  0.12/turn              (no ring)
MPRegen  0.10/turn              (no ring)

@: no status effects
A: unfitting armour, cold-blooded, AC +5
a: Renounce Religion


You were on level 3 of the Dungeon.
You worshipped Nemelex Xobeh.
Nemelex Xobeh was noncommittal.
You were not hungry.

You visited 1 branch of the dungeon, and saw 3 of its levels.

You collected 84 gold pieces.

Inventory:

Missiles
 a - 31 arrows
Armour
 m - a +0 pair of gloves (worn)
Jewellery
 h - an uncursed ring of see invisible {unknown}
 n - a cursed -2 ring of slaying {unknown}
Scrolls
 b - a scroll of enchant weapon {unknown}
 d - a scroll of identify {unknown}
 g - a scroll of random uselessness {unknown}
 k - a scroll of teleportation {unknown}
 o - a scroll of remove curse {unknown}
Potions
 e - a potion of haste {unknown}
 j - a potion of curing {unknown}
Miscellaneous
 i - a plain deck of summoning
Comestibles
 c - 6 rations
 l - 3 chunks of flesh


   Skills:
 + Level 2.5 Fighting
 - Level 1.7 Dodging
 * Level 4.3 Unarmed Combat
 - Level 2.0 Spellcasting
 + Level 2.9 Transmutations
 + Level 1.0 Invocations


You had 4 spell levels left.
You knew the following spells:

 Your Spells              Type           Power        Failure   Level  Hunger
a - Beastly Appendage     Tmut           #.....       8%          1    ##.....
b - Sticks to Snakes      Tmut           #.......     11%         2    ###....

Your spell library contained the following spells:

 Spells                   Type           Power        Failure   Level  Hunger
 Spider Form              Tmut/Pois      #.........   36%         3    ####...
 Blade Hands              Tmut           #.........   90%         5    ######.
 Ice Form                 Ice/Tmut       #.......     78%         4    #####..


Dungeon Overview and Level Annotations

Branches:
Dungeon (3/15)

Altars:
Hepliaklqana
Nemelex Xobeh


Innate Abilities, Weirdness & Mutations

Your plain brown scales are hard. (AC +5)
You cannot fit into any form of body armour.
You are cold-blooded and may be slowed by cold attacks.


Message History

You closely miss the orc priest.
The orc priest is heavily wounded.
The orc priest hits you but does no damage.
You hit the orc priest but do no damage.
The orc priest is heavily wounded.
The orc priest invokes the aid of Beogh against you.
Beogh smites you!
* * * LOW HITPOINT WARNING * * *
Okay, then.
You closely miss the orc priest.
The orc priest is heavily wounded.
The orc priest hits you with a dagger.
* * * LOW HITPOINT WARNING * * *
It was a potion of cancellation.
Your magical effects are unravelling.
You feel magically purged.
Your horns disappear.
The orc priest hits you with a dagger.
You die...
Your body disappears without a glow.

#.############.##.##.##########
#.......#.######...######.#....
########.##..# ##.## #..##.####
##.#...####...####...#.## .
##.##........#........##.## .##
##.#...####..###..####...#(# ..#
##.##..........#..........##.
#.###.#...##..####...####..##...#
#..####.#####...@##.##....#####.#
...##############o....###########
...#......o..oo.................)
.....############################
.......# .....#.# ....>..#
.....### .....#


You could see an orc priest.

Vanquished Creatures
  An orc priest (D:3)
  3 adders (D:2)
  An ooze (D:1)
  A worm (D:2)
  A leopard gecko (D:2)
  4 orcs (D:3)
  A ball python (D:1)
  2 bats (D:2)
  2 giant cockroaches
  8 goblins
  6 hobgoblins
  2 frilled lizards
  8 kobolds
  3 rats (D:1)
43 creatures vanquished.

Vanquished Creatures (collateral kills)
  An adder (D:2)
1 creature vanquished.

Grand Total: 44 creatures vanquished

Notes
Turn   | Place    | Note
-------+----------+-------------------------------------------
     0 | D:1      | sking99 the Draconian Transmuter began the quest for the Orb.
     0 | D:1      | Reached XP level 1. HP: 16/16 MP: 3/3
   195 | D:1      | Reached XP level 2. HP: 12/23 MP: 5/5
   746 | D:1      | Learned a level 2 spell: Sticks to Snakes
   864 | D:2      | Reached XP level 3. HP: 16/29 MP: 6/6
  1414 | D:2      | Found a hazy altar of Hepliaklqana.
  1414 | D:2      | Found a sparkling altar of Nemelex Xobeh.
  1428 | D:2      | Reached skill level 4 in Unarmed Combat
  1441 | D:2      | Became a worshipper of Nemelex Xobeh the Trickster
  1511 | D:2      | Received a gift from Nemelex Xobeh
  1970 | D:2      | Reached XP level 4. HP: 36/36 MP: 7/7
  2651 | D:3      | Reached skill level 1 in Invocations
  2826 | D:3      | HP: 1/37 [orc priest/dagger (2)]
  2827 | D:3      | Slain by an orc priest

Vault maps used:
D:1:      lemuel_arrival_funnel
D:2:      gammafunk_temple_overflow_pools, first_ration
D:3:      wad_crossroads, old_standard_altar

Skill      XL: |  1  2  3  4 |
---------------+-------------+-----
Fighting       | 2 |  2.5
Unarmed Combat | 4 |  4.3
Invocations    | 1 |  1.0
Dodging        | |  1.7
Spellcasting   | |  2.0
Transmutations | |  2.9

Action                   |  1- 3 |  4- 6 || total
-------------------------+-------+-------++-------
Melee: Unarmed           |   134 |    78 ||   212
       Tailslap          |    11 |     8 ||    19
       Punch             |     1 |       ||     1
       Headbutt          |       |     3 ||     3
 Cast: Sticks to Snakes  |     1 |     1 ||     2
       Beastly Appendage |       |     1 ||     1
  Use: Potion            |       |     1 ||     1
 Stab: Sleeping          |     1 |     1 ||     2
  Eat: Chunk             |     1 |     2 ||     3
       Ration            |     1 |       ||     1
Armor: Skin              |    35 |    19 ||    54
Dodge: Dodged            |    65 |    27 ||    92

Table legend:
 A = Spawn XP
 B = Non-spawn XP
 C = Spawn XP percentage of total XP
 D = Spawn monster count
 E = Non-spawn monster count
 F = Spawn count percentage of total count
 G = Total turns spent on level
                    A         B        C        D         E        F      G
               +---------+---------+-------+---------+---------+-------+---------
         Total |       0 |     171 |   0.0 |       0 |      44 |   0.0 |  2827
               +---------+---------+-------+---------+---------+-------+---------
           D:1 |       0 |      31 |   0.0 |       0 |      16 |   0.0 |   742
           D:2 |       0 |      76 |   0.0 |       0 |      16 |   0.0 |  1597
           D:3 |       0 |      64 |   0.0 |       0 |      12 |   0.0 |   488
               +---------+---------+-------+---------+---------+-------+---------
